 Dungeon Crawl Stone Soup version 0.30.1-11-g7821555f0a (webtiles) character file.

Game seed: 18300115416646356853

130 KittyFluff the Cudgeller (level 5, 0/33 HPs)
             Began as a Gargoyle Berserker on Oct 29, 2023.
             Was a Believer of Trog.
             Slain by Eustachio
             ... wielding a +0 rapier
              (5 damage)
             ... on level 4 of the Dungeon.
             The game lasted 00:08:44 (2153 turns).

KittyFluff the Cudgeller (Gargoyle Berserker)       Turns: 2153, Time: 00:08:44

Health: 0/33       AC: 12    Str: 22      XL:     5   Next: 13%
Magic:  5/5        EV: 11    Int:  8      God:    Trog [**....]
Gold:   197        SH:  0    Dex:  6 (9)  Spells: 4/4 levels left

rFire   . . .        a - +0 mace
rCold   . . .        (no shield)
rNeg    + . .        i - +0 leather armour
rPois   ∞            (no helmet)
rElec   +            (no cloak)
rCorr   .            g - +0 pair of gloves
SInv    .            (no boots)
Will    .....        (no amulet)
Stlth   +            f - +4 ring of protection
HPRegen 0.25/turn    (no ring)
MPRegen 0.09/turn

%: no passive effects
@: no status effects
A: sickness immunity, AC +4, negative energy resistance 1, electricity
resistance, torment resistance 1, petrification resistance
a: Renounce Religion, Berserk, Trog's Hand


You were on level 4 of the Dungeon.
You worshipped Trog.
Trog was pleased with you.
You visited 1 branch of the dungeon, and saw 4 of its levels.

You collected 197 gold pieces.

Inventory:

Hand Weapons
 a - a +0 mace (weapon)
Missiles
 c - 3 poisoned darts (quivered)
Armour
 g - a +0 pair of gloves (worn)
 i - a +0 leather armour (worn)
Jewellery
 f - a +4 ring of protection (left hand)
Wands
 n - a wand of flame (16)
Scrolls
 b - a scroll of fog {unknown}
 d - 2 scrolls of blinking {unknown}
 e - 2 scrolls of enchant weapon {unknown}
 h - a scroll of poison {unknown}
 l - 2 scrolls of identify {unknown}
 o - a scroll of fear {unknown}
 p - a scroll of noise {unknown}
Potions
 j - a potion of flight {unknown}
 k - 2 potions of magic {unknown}
 m - a potion of brilliance {unknown}
 q - a potion of mutation {unknown}


   Skills:
 + Level 3.9 Fighting
 * Level 4.1 Maces & Flails
 * Level 3.6 Armour
 + Level 2.2 Dodging


You had 4 spell levels left.
You didn't know any spells.
Your spell library was empty.

Dungeon Overview and Level Annotations

Branches:
Dungeon (3/15)

Altars:
Elyvilon

Annotations:
D:4 Eustachio


Innate Abilities, Weirdness & Mutations

You are immune to sickness and miasma.
Your stone body is resilient. (AC +4)
You are immune to poison.
You resist negative energy. (rN+)
You are resistant to electric shocks. (rElec)
You are resistant to unholy torment.
You are immune to petrification.


Message History

The quasit bites you but does no damage.
The quasit claws you.
* * * LOW HITPOINT WARNING * * *
You feel clumsy. The quasit closely misses you. The bat barely misses you.
You thump the quasit!
The quasit is severely wounded.
The bat closely misses you. The bat hits you but does no damage.
The quasit barely misses you.
The quasit claws you but does no damage. x2
The quasit barely misses you. The quasit closely misses you.
The quasit claws you.
* * * LOW HITPOINT WARNING * * *
You miss the quasit.
The quasit is severely wounded.
The bat closely misses you. The quasit misses you.
The quasit barely misses you. The quasit misses you.
You barely miss the quasit.
The quasit is severely wounded.
The quasit disappears in a puff of smoke!
You barely miss the quasit. The bat hits you but does no damage.
The quasit bites you but does no damage.
The quasit closely misses you. The quasit misses you.
The quasit bites you but does no damage.
The quasit claws you but does no damage.
The quasit barely misses you.
You miss the quasit.
The quasit disappears in a puff of smoke!
Eustachio casts a spell.
Eustachio blinks!
The rat bites you but does no damage.
You see here a ball python corpse.
The rat bites you but does no damage. The bat misses you.
There is an escape hatch in the ceiling here.
The rat attacks as you move away! The rat bites you.
* * * LOW HITPOINT WARNING * * *
The bat hits you.
* * * LOW HITPOINT WARNING * * *
Eustachio hits you with a +0 rapier.
You die...

..♣♣P.P♣♣.P...........
♣.♣P...P♣.♣.....[.####
♣P..._....♣###.#.##
♣.♣P.:..♣. ##.###.###
P.♣♣P.P♣♣ #.## #..
.PP♣ ♣♣ ##.###.###
~~P..P ##†#.# ≈≈.P♣♣
#b<.# ####.# #.r@# .#
#.@.# # #...# ......
........ ...........
#####..?### .....


You could see Eustachio, a bat (summoned) and a rat (summoned).

Vanquished Creatures
  An iguana (D:4)
  2 adders (D:2)
  A gnoll (D:1)
  2 worms
  2 dart slugs
  4 orcs (D:2)
  11 ball pythons
  13 endoplasms
  2 giant cockroaches
  8 goblins
  3 hobgoblins
  4 bats
  5 frilled lizards (D:1)
  4 rats
62 creatures vanquished.

Notes
Turn   | Place    | Note
-------+----------+-------------------------------------------
     0 | D:1      | KittyFluff the Gargoyle Berserker began the quest for the
                  | Orb.
     0 | D:1      | Reached XP level 1. HP: 14/14 MP: 1/1
    30 | D:1      | Reached XP level 2. HP: 7/19 MP: 2/2
   305 | D:1      | Reached XP level 3. HP: 21/23 MP: 3/3
   669 | D:1      | Reached ** piety under Trog
   746 | D:2      | Found a faded altar of an unknown god.
  1124 | D:2      | Reached XP level 4. HP: 21/29 MP: 4/4
  1868 | D:3      | You fall into a shaft and drop 1 floor!
  1881 | D:4      | Found a white marble altar of Elyvilon.
  1941 | D:4      | Reached skill level 4 in Maces & Flails
  1941 | D:4      | Reached XP level 5. HP: 9/33 MP: 5/5
  2066 | D:4      | Noticed Eustachio
  2153 | D:4      | Slain by Eustachio

Illustrated notes

Levels and vault maps discovered:
D:1:      lemuel_arrival_cross, layout_rooms
D:2:      layout_basic, shapermc_ecumenical_altar_mp_highgroup,
          minmay_surrounded
D:3:      layout_basic, uniq_jessica
D:4:      layout_loops_cross, nicolae_elyvilon_peaceful_grove, uniq_eustachio

Skill      XL: |  1  2  3  4 |
---------------+-------------+-----
Armour         | 3 |  3.6
Dodging        | 2 |  2.2
Maces & Flails | 4 |  4.1
Fighting       | |  3.9

Action                     |  1- 3 |  4- 6 || total
---------------------------+-------+-------++-------
  Melee: Mace              |   134 |   162 ||   296
         Punch             |     1 |     4 ||     5
 Armour: Animal skin       |    57 |     6 ||    63
         Leather armour    |       |    95 ||    95
  Dodge: Dodged            |    94 |   125 ||   219
